Sharks vs Lightning

Created - December-18-14 at 17:15

Goals
1 2 3 OT1 T
Sharks 1 1 1 0 3
Lightning 0 3 0 1 4
Shots
1 2 3 OT1 T
Sharks 15 12 8 1 36
Lightning 4 9 13 3 29

1st period

1. Sharks , Rich Peverley 8 (Robert Bortuzzo, Tomas Jurco) at 2:02

Penalties :
Brent Seabrook (TBL) for Tripping (Minor) at 10:01, Erik Gudbranson (TBL) for Hooking (Minor) at 17:05

2nd period

2. Lightning , Erik Gudbranson 8 (Tomas Plekanec, Jason Chimera) at 3:11
3. Lightning , Cam Atkinson 13 (Tomas Plekanec, Erik Gudbranson) at 11:00
4. Lightning , Curtis Glencross 12 (Brent Seabrook, Andrej Sekera) at 14:09 (PP)
5. Sharks , Tomas Jurco 3 (Kyle Quincey, Vyacheslav Voynov) at 14:25

Penalties :
Brent Seabrook (TBL) for Hooking (Minor) at 0:28, Brent Seabrook (TBL) for Slashing (Minor) at 7:38, Robert Bortuzzo (SJS) for Holding Stick (Minor) at 13:39, Erik Gudbranson (TBL) for Hooking (Minor) at 15:43

3rd period

6. Sharks , Rich Peverley 9 (Kyle Quincey) at 9:35 (PP)

Penalties :
Andrej Sekera (TBL) for Boarding (Minor) at 5:42, Matt Beleskey (SJS) for Delaying the game (Minor) at 5:42, Maxime Talbot (TBL) for High sticking (Minor) at 8:44, Cory Sarich (SJS) for Boarding (Minor) at 11:26, Cory Sarich (SJS) for Tripping (Minor) at 14:19

Overtime #1

7. Lightning , Andrej Meszaros 5 (Tomas Plekanec, Erik Gudbranson) at 3:39

Penalties :
No Penalty

Goalie Stats

Martin Brodeur (SJS), 25 saves from 29 shots - (0.862), OTL, 4-9-2, 63:40 minutes
Jaroslav Halak (TBL), 33 saves from 36 shots - (0.917), W, 15-9-0, 63:40 minutes

Players Stats for Sharks

Player Name              G  A  P  +/- PIM S  H  SB GA TA FO     MP     PP MP  PK MP  
------------------------------------------------------------------------------------
Andrew Shaw              0  0  0  -1  0   2  5  0  0  0  2/2    19:18   6:02   0:00 
Chris Butler             0  0  0   0  0   2  0  3  0  0  0/0    25:36   5:19   3:15 
Cory Sarich              0  0  0   0  4   3  1  1  0  0  0/0    19:47   5:19   0:30 
Drew Stafford            0  0  0   0  0   1  1  0  0  0  1/1    20:31   4:44   2:48 
Jannik Hansen            0  0  0   0  0   2  2  0  0  0  0/0    22:56   6:02   1:40 
Joe Corvo                0  0  0  -2  0   0  0  0  0  0  0/0     7:49   0:00   0:51 
Kyle Quincey             0  2  2  -1  0   4  2  1  0  0  0/0    27:11   5:27   2:25 
Martin Havlat            0  0  0   2  0   1  0  0  0  0  1/2    10:51   0:00   0:00 
Matt Beleskey            0  0  0   0  2   6  3  0  0  0  0/0    17:57   3:52   0:00 
Michael Kostka           0  0  0   0  0   0  0  0  0  0  0/0    12:05   0:00   0:00 
Nick Bjugstad            0  0  0   0  0   0  1  0  0  0  9/19   12:59   0:00   0:00 
Rich Peverley            2  0  2   2  0   4  0  0  0  0  15/35  21:38   4:44   2:48 
Robert Bortuzzo          0  1  1   0  2   1  5  1  0  0  0/0    15:06   0:00   0:00 
Stephen Weiss            0  0  0  -2  0   1  1  0  0  0  2/7     6:58   0:00   0:00 
Tomas Jurco              1  1  2   2  0   2  3  0  0  0  0/0    11:43   0:52   0:00 
Tyler Bozak              0  0  0  -1  0   6  0  0  0  0  15/33  22:05   6:02   1:40 
Viktor Stalberg          0  0  0  -2  0   0  0  0  0  0  0/0     6:58   0:00   0:00 
Vyacheslav Voynov        0  1  1  -1  0   1  3  3  0  0  0/0    26:41   5:27   1:55 

Players Stats for Lightning

Player Name              G  A  P  +/- PIM S  H  SB GA TA FO     MP     PP MP  PK MP  
------------------------------------------------------------------------------------
Andrej Meszaros          1  0  1   2  0   3  1  3  0  0  0/0    20:54   2:19   4:52 
Andrej Sekera            0  1  1  -1  2   1  1  4  0  0  0/0    27:15   2:09   6:39 
Brent Seabrook           0  1  1  -1  6   0  3  3  0  0  0/0    24:54   2:09   2:58 
Cam Atkinson             1  0  1   1  0   2  0  0  0  0  0/0    17:00   1:56   1:36 
Curtis Glencross         1  0  1   0  0   3  3  0  0  0  2/3    19:34   2:32   0:57 
David Schlemko           0  0  0  -1  0   0  0  2  0  0  0/0    11:20   0:00   0:34 
Eric Fehr                0  0  0   1  0   1  0  0  0  0  0/0     6:37   0:00   0:00 
Erik Gudbranson          1  2  3   3  4   1  3  0  0  0  0/0    21:57   2:19   2:12 
Henrik Sedin             0  0  0   0  0   4  0  0  0  0  26/43  25:16   1:56   7:15 
Jason Chimera            0  1  1   1  0   2  3  0  0  0  0/2    19:31   2:32   3:31 
Luca Sbisa               0  0  0   1  0   1  2  0  0  0  0/0     5:29   0:00   0:00 
Maxim Lapierre           0  0  0   0  0   1  1  0  0  0  3/5     4:43   0:00   0:00 
Maxime Talbot            0  0  0  -1  2   2  0  1  0  0  1/1    21:40   0:00   4:42 
Patrick Kane             0  0  0   0  0   4  1  0  0  0  1/8    21:46   1:56   0:00 
Scott Hannan             0  0  0  -1  0   0  1  0  0  0  0/0    15:25   0:00   4:17 
Teddy Purcell            0  0  0  -1  0   1  0  0  0  0  0/0     8:31   0:00   0:00 
Tomas Plekanec           0  3  3   2  0   2  0  0  0  0  11/18  17:54   2:32   0:00 
Travis Zajac             0  0  0  -1  0   1  0  0  0  0  10/19  12:02   0:00   3:31 

3 Stars

1 - Rich Peverley (SJS)
2 - Tomas Jurco (SJS)
3 - Erik Gudbranson (TBL)

Power Play

Sharks - 1 on 6 Attempt(s) - 16.67%
Lightning - 1 on 3 Attempt(s) - 33.33%

Penalty Kill

Sharks - 2 on 3 Attempt(s) - 66.67% - Score 0 goal in Penalty Kill
Lightning - 5 on 6 Attempt(s) - 83.33% - Score 0 goal in Penalty Kill

Team Stat

Sharks - Hits : 27 - Faceoff Wins : 45 - Blocked Shots : 9 - Penalty Minutes : 8
Lightning - Hits : 19 - Faceoff Wins : 54 - Blocked Shots : 13 - Penalty Minutes : 14

Official

Referees : Rob Martell and Frederick L'Ecuyer
Linesman : Brad Kovachik and Vaughan Rody

Game Notes

No Game Note

Finance

Level 1 -- Attendance: 5091 (78.32%) -- Ticket Income $560,010
Level 2 -- Attendance: 3115 (62.30%) -- Ticket Income $295,925
Level 3 -- Attendance: 2213 (63.23%) -- Ticket Income $165,975
Level 4 -- Attendance: 2131 (56.71%) -- Ticket Income $95,895
Luxury Box -- Attendance: 457 (45.70%) -- Ticket Income $164,520
Game was played at the Tampa Bay Times Forum'
Total Attendance: 13007 (65.83%)
Total Ticket Income: $1,282,325
Other Income: $192,349
Total Income: $1,474,674

% Time on Ice - Sharks

Lines # - Real PCT - Wanted PCT - Time Play
Normal Forward
1 - 28% - 30% - 11:59
2 - 30% - 30% - 12:59
3 - 25% - 25% - 10:51
4 - 16% - 15% - 6:58
Normal Defense
1 - 39% - 40% - 16:42
2 - 33% - 35% - 14:00
3 - 28% - 25% - 12:05
4 - 0% - 0% - 0:00
PP Forward
1 - 56% - 50% - 6:02
2 - 44% - 50% - 4:44
PP Defense
1 - 51% - 60% - 5:27
2 - 49% - 40% - 5:19
PK Forward
1 - 63% - 55% - 2:48
2 - 37% - 45% - 1:40
PK Defense
1 - 73% - 55% - 3:15
2 - 27% - 45% - 1:13
PK3 Forward
1 - 0% - 60%
2 - 0% - 40%
PK3 Defense
1 - 0% - 60%
2 - 0% - 40%
44 Forward
1 - 58% - 55% - 3:15
2 - 42% - 45% - 2:24
44 Defense
1 - 46% - 55% - 2:37
2 - 54% - 45% - 3:02
Last Minute Offensive  - 0:00
Last Minute Defensive  - 0:00
Total
Forward - 63:40
Defense - 63:40

% Time on Ice - Lightning

Lines # - Real PCT - Wanted PCT - Time Play
Normal Forward
1 - 38% - 40% - 16:05
2 - 31% - 30% - 13:28
3 - 20% - 20% - 8:31
4 - 11% - 10% - 4:43
Normal Defense
1 - 38% - 40% - 16:05
2 - 27% - 30% - 11:22
3 - 25% - 20% - 10:46
4 - 11% - 10% - 4:34
PP Forward
1 - 43% - 60% - 1:56
2 - 57% - 40% - 2:32
PP Defense
1 - 48% - 60% - 2:09
2 - 52% - 40% - 2:19
PK Forward
1 - 67% - 60% - 7:15
2 - 33% - 40% - 3:31
PK Defense
1 - 67% - 60% - 7:13
2 - 33% - 40% - 3:33
PK3 Forward
1 - 0% - 60%
2 - 0% - 40%
PK3 Defense
1 - 0% - 60%
2 - 0% - 40%
44 Forward
1 - 66% - 60% - 3:45
2 - 34% - 40% - 1:54
44 Defense
1 - 73% - 60% - 4:07
2 - 27% - 40% - 1:32
Last Minute Offensive  - 0:00
Last Minute Defensive  - 0:00
Total
Forward - 63:40
Defense - 63:40

Play by Play

1st period


0:01 of 1st period - Tyler Bozak wins face-off versus Henrik Sedin in neutral zone.
0:22 of 1st period - Brent Seabrook is hit by Andrew Shaw and loses puck.
0:41 of 1st period - Shot by Tyler Bozak.
0:41 of 1st period - Stopped by Jaroslav Halak without a rebound.
0:42 of 1st period - Nick Bjugstad wins face-off versus Jason Chimera in Lightning zone.
0:43 of 1st period - Shot by Drew Stafford.
0:43 of 1st period - Stopped by Jaroslav Halak without a rebound.
0:44 of 1st period - Nick Bjugstad wins face-off versus Jason Chimera in Lightning zone.
1:58 of 1st period - Shot by Tomas Jurco.
1:58 of 1st period - Shot Blocked by Maxime Talbot.
2:00 of 1st period - Shot by Robert Bortuzzo.
2:00 of 1st period - Stopped by Jaroslav Halak with a rebound.
2:02 of 1st period - Shot by Rich Peverley.
2:02 of 1st period - Goal by Rich Peverley - Sharks : 1 - Lightning : 0.
2:03 of 1st period - Henrik Sedin wins face-off versus Stephen Weiss in neutral zone.
2:05 of 1st period - Andrej Sekera is hit by Kyle Quincey and loses puck.
2:10 of 1st period - Shot by Henrik Sedin.
2:10 of 1st period - Stopped by Martin Brodeur without a rebound.
2:11 of 1st period - Rich Peverley wins face-off versus Henrik Sedin in Sharks zone.
2:15 of 1st period - Tomas Jurco is hit by Brent Seabrook.
2:43 of 1st period - Shot by Martin Havlat.
2:43 of 1st period - Deflect By Tomas Jurco.
2:43 of 1st period - Shot Misses the Net.
2:59 of 1st period - Patrick Kane is hit by Robert Bortuzzo and loses puck.
3:41 of 1st period - Shot by Maxim Lapierre.
3:41 of 1st period - Stopped by Martin Brodeur without a rebound.
3:42 of 1st period - Tomas Plekanec wins face-off versus Stephen Weiss in Sharks zone.
3:45 of 1st period - Shot by Jason Chimera.
3:45 of 1st period - Shot Blocked by Vyacheslav Voynov.
4:43 of 1st period - Icing by Chris Butler.
4:44 of 1st period - Travis Zajac wins face-off versus Tyler Bozak in Sharks zone.
4:44 of 1st period - Andrej Meszaros is hit by Cory Sarich and loses puck.
5:18 of 1st period - Shot by Tyler Bozak.
5:18 of 1st period - Stopped by Jaroslav Halak without a rebound.
5:19 of 1st period - Henrik Sedin wins face-off versus Nick Bjugstad in Lightning zone.
5:21 of 1st period - Icing by Brent Seabrook.
5:22 of 1st period - Henrik Sedin wins face-off versus Nick Bjugstad in Lightning zone.
5:28 of 1st period - Icing by Andrej Sekera.
5:29 of 1st period - Henrik Sedin wins face-off versus Nick Bjugstad in Lightning zone.
5:29 of 1st period - Henrik Sedin is hit by Drew Stafford.
5:34 of 1st period - Icing by Andrej Sekera.
5:35 of 1st period - Nick Bjugstad wins face-off versus Henrik Sedin in Lightning zone.
5:48 of 1st period - Shot by Matt Beleskey.
5:48 of 1st period - Shot Misses the Net.
5:50 of 1st period - Shot by Matt Beleskey.
5:50 of 1st period - Stopped by Jaroslav Halak without a rebound.
5:51 of 1st period - Travis Zajac wins face-off versus Tyler Bozak in Lightning zone.
6:47 of 1st period - Icing by Tyler Bozak.
6:48 of 1st period - Tyler Bozak wins face-off versus Henrik Sedin in Sharks zone.
8:03 of 1st period - Shot by Joe Corvo.
8:03 of 1st period - Shot Blocked by David Schlemko.
8:36 of 1st period - Icing by Scott Hannan.
8:37 of 1st period - Rich Peverley wins face-off versus Tomas Plekanec in Lightning zone.
8:42 of 1st period - Shot by Rich Peverley.
8:42 of 1st period - Deflect By Martin Havlat.
8:42 of 1st period - Stopped by Jaroslav Halak without a rebound.
8:43 of 1st period - Maxim Lapierre wins face-off versus Rich Peverley in Lightning zone.
8:43 of 1st period - Maxim Lapierre is hit by Tomas Jurco.
9:32 of 1st period - Icing by Erik Gudbranson.
9:33 of 1st period - Maxime Talbot wins face-off versus Nick Bjugstad in Lightning zone.
9:33 of 1st period - Maxime Talbot is hit by Matt Beleskey.
9:54 of 1st period - Nick Bjugstad is hit by Brent Seabrook and loses puck.
9:58 of 1st period - Icing by Brent Seabrook.
9:59 of 1st period - Henrik Sedin wins face-off versus Tyler Bozak in Lightning zone.
9:59 of 1st period - Patrick Kane is hit by Andrew Shaw and loses puck.
10:01 of 1st period - Minor Penalty to Brent Seabrook for Tripping.
10:02 of 1st period - Henrik Sedin wins face-off versus Tyler Bozak in Lightning zone.
10:41 of 1st period - Shot by Tyler Bozak.
10:41 of 1st period - Stopped by Jaroslav Halak without a rebound.
10:42 of 1st period - Travis Zajac wins face-off versus Rich Peverley in Lightning zone.
10:50 of 1st period - Matt Beleskey is hit by Andrej Sekera.
11:08 of 1st period - Shot by Matt Beleskey.
11:08 of 1st period - Stopped by Jaroslav Halak without a rebound.
11:09 of 1st period - Henrik Sedin wins face-off versus Tyler Bozak in Lightning zone.
12:04 of 1st period - Shot by Jason Chimera.
12:04 of 1st period - Stopped by Martin Brodeur with a rebound.
12:06 of 1st period - Shot by Scott Hannan.
12:06 of 1st period - Shot Misses the Net.
12:08 of 1st period - Shot by David Schlemko.
12:08 of 1st period - Shot Misses the Net.
12:10 of 1st period - Shot by Jason Chimera.
12:10 of 1st period - Stopped by Martin Brodeur with a rebound.
12:46 of 1st period - Off-side.
12:47 of 1st period - Henrik Sedin wins face-off versus Rich Peverley in neutral zone.
13:03 of 1st period - Andrej Sekera is hit by Tomas Jurco.
13:44 of 1st period - Curtis Glencross is hit by Tomas Jurco and loses puck.
14:13 of 1st period - Erik Gudbranson is hit by Jannik Hansen and loses puck.
14:21 of 1st period - Andrew Shaw is hit by Erik Gudbranson and loses puck.
15:10 of 1st period - Shot by Drew Stafford.
15:10 of 1st period - Shot Hit the Post.
15:37 of 1st period - Icing by David Schlemko.
15:38 of 1st period - Tomas Plekanec wins face-off versus Stephen Weiss in Lightning zone.
15:54 of 1st period - Stephen Weiss is hit by Maxim Lapierre and loses puck.
16:15 of 1st period - Stephen Weiss is hit by Luca Sbisa and loses puck.
16:26 of 1st period - Shot by Jannik Hansen.
16:26 of 1st period - Shot Misses the Net.
16:28 of 1st period - Shot by Tyler Bozak.
16:28 of 1st period - Shot Misses the Net.
16:30 of 1st period - Shot by Tyler Bozak.
16:30 of 1st period - Stopped by Jaroslav Halak with a rebound.
16:32 of 1st period - Shot by Kyle Quincey.
16:32 of 1st period - Stopped by Jaroslav Halak with a rebound.
16:39 of 1st period - Tyler Bozak is hit by Erik Gudbranson and loses puck.
17:05 of 1st period - Minor Penalty to Erik Gudbranson for Hooking.
17:06 of 1st period - Henrik Sedin wins face-off versus Rich Peverley in Lightning zone.
17:25 of 1st period - Shot by Cory Sarich.
17:25 of 1st period - Stopped by Jaroslav Halak without a rebound.
17:26 of 1st period - Rich Peverley wins face-off versus Henrik Sedin in Lightning zone.
17:39 of 1st period - Shot by Chris Butler.
17:39 of 1st period - Shot Misses the Net.
17:41 of 1st period - Shot by Cory Sarich.
17:41 of 1st period - Shot Misses the Net.
17:47 of 1st period - Shot by Drew Stafford.
17:47 of 1st period - Shot Misses the Net.
17:49 of 1st period - Shot by Rich Peverley.
17:49 of 1st period - Shot Blocked by Brent Seabrook.
17:51 of 1st period - Shot by Chris Butler.
17:51 of 1st period - Stopped by Jaroslav Halak without a rebound.
17:52 of 1st period - Tyler Bozak wins face-off versus Henrik Sedin in Lightning zone.
18:03 of 1st period - Shot by Jannik Hansen.
18:03 of 1st period - Shot Misses the Net.
18:05 of 1st period - Shot by Vyacheslav Voynov.
18:05 of 1st period - Shot Blocked by Brent Seabrook.
18:07 of 1st period - Shot by Vyacheslav Voynov.
18:07 of 1st period - Shot Misses the Net.
18:59 of 1st period - Shot by Rich Peverley.
18:59 of 1st period - Stopped by Jaroslav Halak with a rebound.
19:01 of 1st period - Shot by Chris Butler.
19:01 of 1st period - Stopped by Jaroslav Halak without a rebound.
19:02 of 1st period - Travis Zajac wins face-off versus Rich Peverley in Lightning zone.
19:32 of 1st period - Cam Atkinson is hit by Robert Bortuzzo and loses puck.
19:37 of 1st period - Shot by Jason Chimera.
19:37 of 1st period - Shot Misses the Net.
19:44 of 1st period - Tomas Plekanec is hit by Robert Bortuzzo and loses puck.
19:54 of 1st period - Off-side.
19:55 of 1st period - Travis Zajac wins face-off versus Nick Bjugstad in neutral zone.
Goals for this period are 1 for Sharks vs 0 for Lightning.
Shots for this period are 15 for Sharks vs 4 for Lightning.

2nd period


0:01 of 2nd period - Andrew Shaw wins face-off versus Curtis Glencross in neutral zone.
0:11 of 2nd period - Andrej Sekera is hit by Vyacheslav Voynov and loses puck.
0:28 of 2nd period - Minor Penalty to Brent Seabrook for Hooking.
0:29 of 2nd period - Henrik Sedin wins face-off versus Rich Peverley in Lightning zone.
1:02 of 2nd period - Andrej Sekera is hit by Matt Beleskey and loses puck.
1:11 of 2nd period - Shot by Cory Sarich.
1:11 of 2nd period - Shot Misses the Net.
1:31 of 2nd period - Shot by Tyler Bozak.
1:31 of 2nd period - Deflect By Andrew Shaw.
1:31 of 2nd period - Shot Misses the Net.
1:33 of 2nd period - Shot by Kyle Quincey.
1:33 of 2nd period - Shot Blocked by Andrej Meszaros.
2:23 of 2nd period - Shot by Drew Stafford.
2:23 of 2nd period - Deflect By Matt Beleskey.
2:23 of 2nd period - Stopped by Jaroslav Halak with a rebound.
2:29 of 2nd period - Shot by Joe Corvo.
2:29 of 2nd period - Shot Misses the Net.
2:36 of 2nd period - Off-side.
2:37 of 2nd period - Tomas Plekanec wins face-off versus Stephen Weiss in neutral zone.
2:48 of 2nd period - Shot by Tomas Plekanec.
2:48 of 2nd period - Shot Blocked by Robert Bortuzzo.
2:59 of 2nd period - Shot by Tomas Plekanec.
2:59 of 2nd period - Shot Misses the Net.
3:04 of 2nd period - Jason Chimera is hit by Robert Bortuzzo and loses puck.
3:09 of 2nd period - Shot by Tomas Plekanec.
3:09 of 2nd period - Shot Misses the Net.
3:11 of 2nd period - Shot by Erik Gudbranson.
3:11 of 2nd period - Goal by Erik Gudbranson - Sharks : 1 - Lightning : 1.
3:12 of 2nd period - Rich Peverley wins face-off versus Henrik Sedin in neutral zone.
3:18 of 2nd period - Icing by Scott Hannan.
3:19 of 2nd period - Henrik Sedin wins face-off versus Nick Bjugstad in Lightning zone.
3:26 of 2nd period - Shot by Patrick Kane.
3:26 of 2nd period - Shot Misses the Net.
3:36 of 2nd period - Shot by Nick Bjugstad.
3:36 of 2nd period - Shot Misses the Net.
3:53 of 2nd period - Curtis Glencross is hit by Vyacheslav Voynov and loses puck.
4:03 of 2nd period - Icing by Patrick Kane.
4:04 of 2nd period - Henrik Sedin wins face-off versus Tyler Bozak in Lightning zone.
4:46 of 2nd period - Cory Sarich is hit by Curtis Glencross and loses puck.
4:53 of 2nd period - David Schlemko is hit by Andrew Shaw and loses puck.
5:53 of 2nd period - Shot by Travis Zajac.
5:53 of 2nd period - Shot Misses the Net.
6:24 of 2nd period - Off-side.
6:25 of 2nd period - Nick Bjugstad wins face-off versus Maxim Lapierre in neutral zone.
6:37 of 2nd period - Nick Bjugstad is hit by Luca Sbisa.
7:34 of 2nd period - Nick Bjugstad is hit by Jason Chimera and loses puck.
7:38 of 2nd period - Minor Penalty to Brent Seabrook for Slashing.
7:39 of 2nd period - Tyler Bozak wins face-off versus Henrik Sedin in Lightning zone.
8:45 of 2nd period - Rich Peverley is hit by Erik Gudbranson and loses puck.
9:24 of 2nd period - Shot by Vyacheslav Voynov.
9:24 of 2nd period - Stopped by Jaroslav Halak without a rebound.
9:25 of 2nd period - Tyler Bozak wins face-off versus Henrik Sedin in Lightning zone.
9:30 of 2nd period - Shot by Kyle Quincey.
9:30 of 2nd period - Shot Misses the Net.
9:51 of 2nd period - Shot by Cam Atkinson.
9:51 of 2nd period - Stopped by Martin Brodeur without a rebound.
9:52 of 2nd period - Stephen Weiss wins face-off versus Patrick Kane in Sharks zone.
10:22 of 2nd period - Shot by Patrick Kane.
10:22 of 2nd period - Shot Blocked by Vyacheslav Voynov.
10:46 of 2nd period - Erik Gudbranson is hit by Stephen Weiss and loses puck.
11:00 of 2nd period - Shot by Cam Atkinson.
11:00 of 2nd period - Goal by Cam Atkinson - Sharks : 1 - Lightning : 2.
11:01 of 2nd period - Travis Zajac wins face-off versus Tyler Bozak in neutral zone.
11:44 of 2nd period - Shot by Andrew Shaw.
11:44 of 2nd period - Shot Misses the Net.
13:04 of 2nd period - Shot by Patrick Kane.
13:04 of 2nd period - Shot Misses the Net.
13:22 of 2nd period - Shot by Tyler Bozak.
13:22 of 2nd period - Shot Misses the Net.
13:26 of 2nd period - Shot by Tyler Bozak.
13:26 of 2nd period - Shot Misses the Net.
13:28 of 2nd period - Shot by Cory Sarich.
13:28 of 2nd period - Shot Misses the Net.
13:30 of 2nd period - Shot by Cory Sarich.
13:30 of 2nd period - Stopped by Jaroslav Halak with a rebound.
13:32 of 2nd period - Shot by Tyler Bozak.
13:32 of 2nd period - Shot Blocked by David Schlemko.
13:34 of 2nd period - Shot by Jannik Hansen.
13:34 of 2nd period - Stopped by Jaroslav Halak without a rebound.
13:35 of 2nd period - Stephen Weiss wins face-off versus Maxim Lapierre in Lightning zone.
13:39 of 2nd period - Minor Penalty to Robert Bortuzzo for Holding Stick.
13:40 of 2nd period - Rich Peverley wins face-off versus Tomas Plekanec in Sharks zone.
13:47 of 2nd period - Icing by Andrej Sekera.
13:48 of 2nd period - Curtis Glencross wins face-off versus Rich Peverley in Lightning zone.
14:03 of 2nd period - Shot by Andrej Sekera.
14:03 of 2nd period - Stopped by Martin Brodeur with a rebound.
14:05 of 2nd period - Shot by Brent Seabrook.
14:05 of 2nd period - Shot Misses the Net.
14:07 of 2nd period - Shot by Brent Seabrook.
14:07 of 2nd period - Shot Blocked by Chris Butler.
14:09 of 2nd period - Shot by Curtis Glencross.
14:09 of 2nd period - Goal by Curtis Glencross - Sharks : 1 - Lightning : 3.
14:10 of 2nd period - Tyler Bozak wins face-off versus Travis Zajac in neutral zone.
14:19 of 2nd period - Shot by Tyler Bozak.
14:19 of 2nd period - Stopped by Jaroslav Halak without a rebound.
14:20 of 2nd period - Rich Peverley wins face-off versus Tomas Plekanec in Lightning zone.
14:25 of 2nd period - Shot by Tomas Jurco.
14:25 of 2nd period - Goal by Tomas Jurco - Sharks : 2 - Lightning : 3.
14:26 of 2nd period - Nick Bjugstad wins face-off versus Travis Zajac in neutral zone.
14:45 of 2nd period - Off-side.
14:46 of 2nd period - Henrik Sedin wins face-off versus Rich Peverley in neutral zone.
15:02 of 2nd period - Curtis Glencross is hit by Kyle Quincey and loses puck.
15:05 of 2nd period - Shot by Henrik Sedin.
15:05 of 2nd period - Stopped by Martin Brodeur without a rebound.
15:06 of 2nd period - Tomas Plekanec wins face-off versus Tyler Bozak in Sharks zone.
15:17 of 2nd period - Shot by Andrew Shaw.
15:17 of 2nd period - Shot Blocked by Andrej Sekera.
15:19 of 2nd period - Shot by Tyler Bozak.
15:19 of 2nd period - Shot Misses the Net.
15:31 of 2nd period - Shot by Tomas Plekanec.
15:31 of 2nd period - Stopped by Martin Brodeur without a rebound.
15:32 of 2nd period - Nick Bjugstad wins face-off versus Henrik Sedin in Sharks zone.
15:32 of 2nd period - Nick Bjugstad is hit by Curtis Glencross.
15:43 of 2nd period - Minor Penalty to Erik Gudbranson for Hooking.
15:44 of 2nd period - Henrik Sedin wins face-off versus Tyler Bozak in Lightning zone.
16:00 of 2nd period - Icing by Vyacheslav Voynov.
16:01 of 2nd period - Tyler Bozak wins face-off versus Henrik Sedin in Sharks zone.
16:08 of 2nd period - Shot by Kyle Quincey.
16:08 of 2nd period - Stopped by Jaroslav Halak with a rebound.
16:10 of 2nd period - Shot by Tyler Bozak.
16:10 of 2nd period - Stopped by Jaroslav Halak with a rebound.
16:12 of 2nd period - Shot by Kyle Quincey.
16:12 of 2nd period - Stopped by Jaroslav Halak without a rebound.
16:13 of 2nd period - Henrik Sedin wins face-off versus Rich Peverley in Lightning zone.
16:13 of 2nd period - Henrik Sedin is hit by Matt Beleskey.
16:49 of 2nd period - Shot by Matt Beleskey.
16:49 of 2nd period - Stopped by Jaroslav Halak without a rebound.
16:50 of 2nd period - Henrik Sedin wins face-off versus Tyler Bozak in Lightning zone.
16:50 of 2nd period - Henrik Sedin is hit by Andrew Shaw.
17:12 of 2nd period - Shot by Tyler Bozak.
17:12 of 2nd period - Shot Blocked by Andrej Meszaros.
17:14 of 2nd period - Shot by Vyacheslav Voynov.
17:14 of 2nd period - Shot Blocked by Andrej Meszaros.
17:16 of 2nd period - Shot by Kyle Quincey.
17:16 of 2nd period - Stopped by Jaroslav Halak without a rebound.
17:17 of 2nd period - Travis Zajac wins face-off versus Rich Peverley in Lightning zone.
17:40 of 2nd period - Shot by Chris Butler.
17:40 of 2nd period - Shot Blocked by Andrej Sekera.
17:42 of 2nd period - Shot by Cory Sarich.
17:42 of 2nd period - Stopped by Jaroslav Halak without a rebound.
17:43 of 2nd period - Henrik Sedin wins face-off versus Tyler Bozak in Lightning zone.
17:52 of 2nd period - Shot by Henrik Sedin.
17:52 of 2nd period - Stopped by Martin Brodeur without a rebound.
17:53 of 2nd period - Tyler Bozak wins face-off versus Travis Zajac in Sharks zone.
18:03 of 2nd period - Icing by Jannik Hansen.
18:04 of 2nd period - Andrew Shaw wins face-off versus Henrik Sedin in Sharks zone.
18:10 of 2nd period - Icing by Kyle Quincey.
18:11 of 2nd period - Henrik Sedin wins face-off versus Tyler Bozak in Sharks zone.
18:15 of 2nd period - Icing by Vyacheslav Voynov.
18:16 of 2nd period - Henrik Sedin wins face-off versus Tyler Bozak in Sharks zone.
18:16 of 2nd period - Henrik Sedin is hit by Vyacheslav Voynov.
18:18 of 2nd period - Shot by Patrick Kane.
18:18 of 2nd period - Stopped by Martin Brodeur without a rebound.
18:19 of 2nd period - Nick Bjugstad wins face-off versus Henrik Sedin in Sharks zone.
18:54 of 2nd period - Shot by Andrej Sekera.
18:54 of 2nd period - Shot Blocked by Cory Sarich.
18:56 of 2nd period - Shot by Andrej Sekera.
18:56 of 2nd period - Shot Misses the Net.
18:58 of 2nd period - Shot by Andrej Sekera.
18:58 of 2nd period - Shot Blocked by Chris Butler.
19:29 of 2nd period - Icing by Rich Peverley.
19:30 of 2nd period - Tomas Plekanec wins face-off versus Rich Peverley in Sharks zone.
19:46 of 2nd period - Icing by Kyle Quincey.
19:47 of 2nd period - Travis Zajac wins face-off versus Rich Peverley in Sharks zone.
19:55 of 2nd period - Icing by Vyacheslav Voynov.
19:56 of 2nd period - Tomas Plekanec wins face-off versus Rich Peverley in Sharks zone.
19:59 of 2nd period - Shot by Erik Gudbranson.
19:59 of 2nd period - Shot Misses the Net.
Goals for this period are 1 for Sharks vs 3 for Lightning.
Shots for this period are 12 for Sharks vs 9 for Lightning.

3rd period


0:01 of 3rd period - Henrik Sedin wins face-off versus Tyler Bozak in neutral zone.
0:10 of 3rd period - Off-side.
0:11 of 3rd period - Tomas Plekanec wins face-off versus Nick Bjugstad in neutral zone.
0:38 of 3rd period - Chris Butler is hit by Jason Chimera and loses puck.
0:51 of 3rd period - Off-side.
0:52 of 3rd period - Henrik Sedin wins face-off versus Tyler Bozak in neutral zone.
1:08 of 3rd period - Off-side.
1:09 of 3rd period - Travis Zajac wins face-off versus Rich Peverley in neutral zone.
1:13 of 3rd period - Off-side.
1:14 of 3rd period - Henrik Sedin wins face-off versus Rich Peverley in neutral zone.
1:25 of 3rd period - Shot by Henrik Sedin.
1:25 of 3rd period - Shot Misses the Net.
1:27 of 3rd period - Shot by Patrick Kane.
1:27 of 3rd period - Stopped by Martin Brodeur with a rebound.
1:29 of 3rd period - Shot by Brent Seabrook.
1:29 of 3rd period - Shot Misses the Net.
1:31 of 3rd period - Shot by Patrick Kane.
1:31 of 3rd period - Stopped by Martin Brodeur without a rebound.
1:32 of 3rd period - Tyler Bozak wins face-off versus Travis Zajac in Sharks zone.
1:53 of 3rd period - Shot by Travis Zajac.
1:53 of 3rd period - Shot Misses the Net.
1:55 of 3rd period - Shot by Erik Gudbranson.
1:55 of 3rd period - Shot Misses the Net.
2:03 of 3rd period - Shot by Jannik Hansen.
2:03 of 3rd period - Stopped by Jaroslav Halak without a rebound.
2:04 of 3rd period - Henrik Sedin wins face-off versus Rich Peverley in Lightning zone.
2:42 of 3rd period - Vyacheslav Voynov is hit by Curtis Glencross and loses puck.
2:49 of 3rd period - Shot by Henrik Sedin.
2:49 of 3rd period - Shot Misses the Net.
3:08 of 3rd period - Icing by Chris Butler.
3:09 of 3rd period - Tomas Plekanec wins face-off versus Nick Bjugstad in Sharks zone.
3:36 of 3rd period - Shot by Matt Beleskey.
3:36 of 3rd period - Stopped by Jaroslav Halak without a rebound.
3:37 of 3rd period - Tyler Bozak wins face-off versus Travis Zajac in Lightning zone.
3:40 of 3rd period - Shot by Andrew Shaw.
3:40 of 3rd period - Stopped by Jaroslav Halak without a rebound.
3:41 of 3rd period - Tyler Bozak wins face-off versus Travis Zajac in Lightning zone.
4:45 of 3rd period - Icing by Patrick Kane.
4:46 of 3rd period - Nick Bjugstad wins face-off versus Henrik Sedin in Lightning zone.
5:13 of 3rd period - Shot by Matt Beleskey.
5:13 of 3rd period - Stopped by Jaroslav Halak without a rebound.
5:14 of 3rd period - Tomas Plekanec wins face-off versus Rich Peverley in Lightning zone.
5:35 of 3rd period - Shot by Tomas Jurco.
5:35 of 3rd period - Stopped by Jaroslav Halak without a rebound.
5:36 of 3rd period - Nick Bjugstad wins face-off versus Travis Zajac in Lightning zone.
5:40 of 3rd period - Matt Beleskey is hit by Brent Seabrook and loses puck.
5:42 of 3rd period - Minor Penalty to Andrej Sekera for Boarding.
5:42 of 3rd period - Minor Penalty to Matt Beleskey for Delaying the game.
5:43 of 3rd period - Rich Peverley wins face-off versus Patrick Kane in Lightning zone.
5:56 of 3rd period - Shot by Andrej Meszaros.
5:56 of 3rd period - Shot Blocked by Vyacheslav Voynov.
6:08 of 3rd period - Shot by Maxime Talbot.
6:08 of 3rd period - Stopped by Martin Brodeur with a rebound.
6:53 of 3rd period - Shot by Andrew Shaw.
6:53 of 3rd period - Stopped by Jaroslav Halak without a rebound.
6:54 of 3rd period - Tyler Bozak wins face-off versus Patrick Kane in Lightning zone.
7:20 of 3rd period - Shot by Maxime Talbot.
7:20 of 3rd period - Deflect By Patrick Kane.
7:20 of 3rd period - Shot Misses the Net.
8:17 of 3rd period - Matt Beleskey is hit by Scott Hannan and loses puck.
8:43 of 3rd period - Shot by Henrik Sedin.
8:43 of 3rd period - Stopped by Martin Brodeur without a rebound.
8:44 of 3rd period - Rich Peverley wins face-off versus Travis Zajac in Sharks zone.
8:44 of 3rd period - Minor Penalty to Maxime Talbot for High sticking.
8:45 of 3rd period - Henrik Sedin wins face-off versus Tyler Bozak in Lightning zone.
9:19 of 3rd period - Shot by Tyler Bozak.
9:19 of 3rd period - Shot Misses the Net.
9:21 of 3rd period - Shot by Cory Sarich.
9:21 of 3rd period - Shot Blocked by Andrej Sekera.
9:23 of 3rd period - Shot by Andrew Shaw.
9:23 of 3rd period - Shot Misses the Net.
9:33 of 3rd period - Shot by Rich Peverley.
9:33 of 3rd period - Shot Misses the Net.
9:35 of 3rd period - Shot by Rich Peverley.
9:35 of 3rd period - Goal by Rich Peverley - Sharks : 3 - Lightning : 3.
9:36 of 3rd period - Travis Zajac wins face-off versus Martin Havlat in neutral zone.
9:41 of 3rd period - Shot by Maxime Talbot.
9:41 of 3rd period - Stopped by Martin Brodeur without a rebound.
9:42 of 3rd period - Rich Peverley wins face-off versus Tomas Plekanec in Sharks zone.
9:42 of 3rd period - Vyacheslav Voynov is hit by Jason Chimera and loses puck.
10:26 of 3rd period - Icing by Andrej Meszaros.
10:27 of 3rd period - Tyler Bozak wins face-off versus Tomas Plekanec in Lightning zone.
10:27 of 3rd period - Andrew Shaw is hit by Andrej Meszaros and loses puck.
11:26 of 3rd period - Minor Penalty to Cory Sarich for Boarding.
11:27 of 3rd period - Tomas Plekanec wins face-off versus Rich Peverley in Sharks zone.
11:36 of 3rd period - Shot by Jason Chimera.
11:36 of 3rd period - Shot Misses the Net.
11:38 of 3rd period - Shot by Andrej Meszaros.
11:38 of 3rd period - Stopped by Martin Brodeur without a rebound.
11:39 of 3rd period - Henrik Sedin wins face-off versus Rich Peverley in Sharks zone.
11:53 of 3rd period - Icing by Brent Seabrook.
11:54 of 3rd period - Rich Peverley wins face-off versus Patrick Kane in Lightning zone.
12:46 of 3rd period - Shot by Curtis Glencross.
12:46 of 3rd period - Stopped by Martin Brodeur without a rebound.
12:47 of 3rd period - Tyler Bozak wins face-off versus Tomas Plekanec in Sharks zone.
12:53 of 3rd period - Shot by Andrej Meszaros.
12:53 of 3rd period - Stopped by Martin Brodeur without a rebound.
12:54 of 3rd period - Drew Stafford wins face-off versus Tomas Plekanec in Sharks zone.
13:21 of 3rd period - Shot by Curtis Glencross.
13:21 of 3rd period - Shot Misses the Net.
13:51 of 3rd period - Shot by Stephen Weiss.
13:51 of 3rd period - Stopped by Jaroslav Halak without a rebound.
13:52 of 3rd period - Maxim Lapierre wins face-off versus Tyler Bozak in Lightning zone.
13:52 of 3rd period - Maxim Lapierre is hit by Andrew Shaw.
14:19 of 3rd period - Minor Penalty to Cory Sarich for Tripping.
14:20 of 3rd period - Rich Peverley wins face-off versus Henrik Sedin in Sharks zone.
14:20 of 3rd period - Rich Peverley is hit by Patrick Kane.
14:27 of 3rd period - Icing by Andrej Meszaros.
14:28 of 3rd period - Rich Peverley wins face-off versus Henrik Sedin in Lightning zone.
16:34 of 3rd period - Shot by Martin Havlat.
16:34 of 3rd period - Shot Misses the Net.
16:48 of 3rd period - Off-side.
16:49 of 3rd period - Maxim Lapierre wins face-off versus Nick Bjugstad in neutral zone.
17:06 of 3rd period - Shot by Eric Fehr.
17:06 of 3rd period - Shot Misses the Net.
17:08 of 3rd period - Shot by Luca Sbisa.
17:08 of 3rd period - Stopped by Martin Brodeur without a rebound.
17:09 of 3rd period - Curtis Glencross wins face-off versus Stephen Weiss in Sharks zone.
17:09 of 3rd period - Henrik Sedin is hit by Robert Bortuzzo and loses puck.
17:50 of 3rd period - Shot by Henrik Sedin.
17:50 of 3rd period - Deflect By Curtis Glencross.
17:50 of 3rd period - Stopped by Martin Brodeur without a rebound.
17:51 of 3rd period - Tomas Plekanec wins face-off versus Nick Bjugstad in Sharks zone.
18:06 of 3rd period - Shot by Matt Beleskey.
18:06 of 3rd period - Shot Misses the Net.
18:23 of 3rd period - Cam Atkinson is hit by Nick Bjugstad and loses puck.
18:48 of 3rd period - Shot by Travis Zajac.
18:48 of 3rd period - Stopped by Martin Brodeur without a rebound.
18:49 of 3rd period - Martin Havlat wins face-off versus Henrik Sedin in Sharks zone.
19:08 of 3rd period - Shot by Patrick Kane.
19:08 of 3rd period - Stopped by Martin Brodeur without a rebound.
19:09 of 3rd period - Tyler Bozak wins face-off versus Travis Zajac in Sharks zone.
19:14 of 3rd period - Shot by Maxime Talbot.
19:14 of 3rd period - Deflect By Teddy Purcell.
19:14 of 3rd period - Stopped by Martin Brodeur without a rebound.
19:15 of 3rd period - Henrik Sedin wins face-off versus Rich Peverley in Sharks zone.
19:26 of 3rd period - Shot by Curtis Glencross.
19:26 of 3rd period - Shot Misses the Net.
19:54 of 3rd period - Shot by Martin Havlat.
19:54 of 3rd period - Shot Misses the Net.
Goals for this period are 1 for Sharks vs 0 for Lightning.
Shots for this period are 8 for Sharks vs 13 for Lightning.

Overtime #1


0:01 of 1st overtime period - Rich Peverley wins face-off versus Patrick Kane in neutral zone.
0:04 of 1st overtime period - Brent Seabrook is hit by Jannik Hansen and loses puck.
0:11 of 1st overtime period - Shot by Rich Peverley.
0:11 of 1st overtime period - Stopped by Jaroslav Halak without a rebound.
0:12 of 1st overtime period - Rich Peverley wins face-off versus Patrick Kane in Lightning zone.
0:23 of 1st overtime period - Shot by Jannik Hansen.
0:23 of 1st overtime period - Shot Blocked by Andrej Sekera.
0:31 of 1st overtime period - Shot by Rich Peverley.
0:31 of 1st overtime period - Shot Blocked by Brent Seabrook.
1:34 of 1st overtime period - Shot by Eric Fehr.
1:34 of 1st overtime period - Deflect By Tomas Plekanec.
1:34 of 1st overtime period - Shot Misses the Net.
1:36 of 1st overtime period - Shot by Erik Gudbranson.
1:36 of 1st overtime period - Shot Blocked by Chris Butler.
1:38 of 1st overtime period - Shot by Eric Fehr.
1:38 of 1st overtime period - Stopped by Martin Brodeur without a rebound.
1:39 of 1st overtime period - Patrick Kane wins face-off versus Tyler Bozak in Sharks zone.
1:42 of 1st overtime period - Shot by Patrick Kane.
1:42 of 1st overtime period - Shot Misses the Net.
2:31 of 1st overtime period - Shot by Eric Fehr.
2:31 of 1st overtime period - Shot Misses the Net.
2:43 of 1st overtime period - Shot by Eric Fehr.
2:43 of 1st overtime period - Shot Blocked by Kyle Quincey.
2:45 of 1st overtime period - Shot by Andrej Meszaros.
2:45 of 1st overtime period - Deflect By Tomas Plekanec.
2:45 of 1st overtime period - Stopped by Martin Brodeur without a rebound.
2:46 of 1st overtime period - Rich Peverley wins face-off versus Patrick Kane in Sharks zone.
3:37 of 1st overtime period - Shot by Tomas Plekanec.
3:37 of 1st overtime period - Shot Misses the Net.
3:39 of 1st overtime period - Shot by Andrej Meszaros.
3:39 of 1st overtime period - Goal by Andrej Meszaros - Sharks : 3 - Lightning : 4.
Goals for this period are 0 for Sharks vs 1 for Lightning.
Shots for this period are 1 for Sharks vs 3 for Lightning.


Output by the SimonT Hockey Simulator (STHS) for Stephane Roy -- Original Page W3C XHTML 1.0 Valid
Hockey Simulator - Hockey Simulation - Hockey Manager